 Dungeon Crawl Stone Soup version 0.29.1-15-g9cfb28693d (webtiles) character file.

Game seed: 3942451063983261574

99951 croobank the Covert (level 15, -10/115 HPs)
             Began as a Demonspawn Fire Elementalist on Apr 16, 2023.
             Was the Champion of Jiyva.
             Killed from afar by an ironbound frostheart (23 damage)
             ... by creeping frost
             ... summoned by an orange crystal statue
             ... in an ice cave on Apr 17, 2023.
             The game lasted 01:46:21 (25083 turns).

croobank the Covert (Demonspawn Fire Elementalist) Turns: 25083, Time: 01:46:22

Health: -10/115    AC: 30    Str: 17      XL:     15   Next: 42%
Magic:  9/28       EV: 17    Int: 22 (24) God:    Jiyva [******]
Gold:   186        SH:  4    Dex: 20      Spells: 15/32 levels left

rFire   + + .      SeeInvis .   E - +8 flail of the Pure Beds {drain, Will+ rCorr Int-4 Dex+2}
rCold   . . .      Faith    .   (no shield)
rNeg    . . .      Spirit   .   O - +5 ring mail {Will+}
rPois   +          Reflect  .   (helmet restricted)
rElec   .          Harm     .   N - +2 cloak
rCorr   +          Rampage  .   (no gloves)
Will    +++..                   r - +2 pair of boots
Stlth   ++++......              p - amulet of regeneration
HPRegen 2.69/turn               x - ring of Oseopp {rF+ Will- AC+4 Dex+7}
MPRegen 0.71/turn               Z - +6 ring of intelligence

@: frozen, very slow
A: molten scales 2, icemail 2, spiny 1, condensation shield, demonic touch 2,
beak, horns 2, fire resistance 1, strong-willed 1, mutation resistance 2, poison
resistance, strong 2, pseudopods 1, tendrils, jelly sensing items, MP-powered
wands
}: 1/15 runes: slimy
a: Renounce Religion, Oozemancy, Slimify


You were in an ice cave.
You worshipped Jiyva.
Jiyva was exalted by your worship.
You visited 6 branches of the dungeon, and saw 28 of its levels.
You visited 1 bazaar.
You also visited: Sewer, Ossuary and Ice Cave.

You collected 1184 gold pieces.
You spent 998 gold pieces at shops.

Inventory:

Hand Weapons
 f - the +10 shortbow "Buelar" {freeze, Contam rCorr Stlth+}
   (You found it on level 5 of the Pits of Slime)

   Any ammunition fired from it freezes those it strikes, dealing additional
   cold damage.
   It can also slow down cold-blooded creatures.
   Contam:    It causes magical contamination when unequipped.
   rCorr:     It protects you from acid and corrosion.
   Stlth:     It makes you more stealthy.
 y - a +2 short sword of speed
 E - the +8 flail of the Pure Beds (weapon) {drain, Will+ rCorr Int-4 Dex+2}
   (You found it on level 6 of the Dungeon)

   A truly terrible weapon, it drains the life of any living foe it strikes.
   Int:       It affects your intelligence (-4).
   Dex:       It affects your dexterity (+2).
   rCorr:     It protects you from acid and corrosion.
   Will:      It increases your willpower.
 J - a +4 dagger
 M - the +11 great sword "Opuuzeont" {vorpal, rElec rN+ Dex-5}
   (You found it on level 5 of the Pits of Slime)

   It inflicts extra damage upon your enemies.
   Dex:       It affects your dexterity (-5).
   rElec:     It insulates you from electricity.
   rN:        It protects you from negative energy.
 X - a +1 demon whip of venom
Missiles
 b - 5 silver javelins
 w - 6 javelins (quivered)
 A - 5 throwing nets
 G - a curare-tipped dart
Armour
 q - a +2 robe of positive energy
 r - a +2 pair of boots (worn)
 v - a +0 troll leather armour
 N - a +2 cloak (worn)
 O - a +5 ring mail of willpower (worn)
 R - a +2 hat of stealth
 W - the +1 troll leather armour of the Cobbler {rElec Will- Regen+ rCorr}
   (You found it on level 5 of the Pits of Slime)

   rElec:     It insulates you from electricity.
   Regen:     It increases your rate of health regeneration.
   rCorr:     It protects you from acid and corrosion.
   Will:      It decreases your willpower.
Magical Staves
 i - a staff of fire
 U - a staff of poison
Jewellery
 a - a ring of magical power
 e - the ring of Shadows {Umbra +Inv Stlth+}
   (You bought it in a shop in a bazaar)

   [ring of stealth]

   It surrounds you with an aura of shadow, increasing your stealth and reducing
   the accuracy of all others within it.
   +Inv:      It lets you turn invisible.
   Stlth:     It makes you more stealthy.
 o - a +4 ring of protection
 p - an amulet of regeneration (around neck)
 x - the ring of Oseopp (left hand) {rF+ Will- AC+4 Dex+7}
   (You found it on level 5 of the Lair of Beasts)

   [ring of protection]

   AC:        It affects your AC (+4).
   Dex:       It affects your dexterity (+7).
   rF:        It protects you from fire.
   Will:      It decreases your willpower.
 H - a ring of poison resistance
 S - the ring of Ogebb {EV+4 Int+4 Dex+2}
   (You found it on level 5 of the Pits of Slime)

   [ring of evasion]

   EV:        It affects your evasion (+4).
   Int:       It affects your intelligence (+4).
   Dex:       It affects your dexterity (+2).
 Z - a +6 ring of intelligence (right hand)
Wands
 h - a wand of light (1)
 B - a wand of charming (17)
 D - a wand of flame (2)
 Q - a wand of iceblast (6)
Scrolls
 d - 2 scrolls of fog
 g - 4 scrolls of fear
 k - 6 scrolls of amnesia
 l - 4 scrolls of teleportation
 F - 6 scrolls of enchant weapon
 I - 4 scrolls of blinking
 P - 3 scrolls of identify
 V - 3 scrolls of brand weapon
 Y - a scroll of silence
Potions
 c - 13 potions of curing
 j - 6 potions of heal wounds
 m - a potion of mutation
 n - a potion of ambrosia
 s - 3 potions of resistance
 t - 6 potions of haste
 u - 2 potions of invisibility
 z - a potion of magic
 C - 2 potions of brilliance
 K - 3 potions of lignification
 L - 3 potions of attraction
 T - 3 potions of might


   Skills:
 + Level 9.9 Fighting
 - Level 7.0 Armour
 + Level 9.3 Dodging
 + Level 10.1 Stealth
 + Level 9.3 Spellcasting
 + Level 10.0 Conjurations
 - Level 5.0 Hexes
 + Level 9.3 Summonings
 + Level 9.5 Fire Magic
 - Level 7.0 Air Magic


You had 15 spell levels left.
You knew the following spells:

 Your Spells              Type           Power      Damage    Failure   Level
a - Foxfire               Conj/Fire      100%       2x1d9     1%          1
b - Scorch                Fire           100%       2d10      1%          2
c - Inner Flame           Hex/Fire       42%        N/A       1%          3
d - Summon Small Mammal   Summ           100%       N/A       1%          1
e - Call Canine Familiar  Summ           51%        N/A       1%          3
f - Summon Guardian Gole  Hex/Summ       41%        N/A       1%          3
g - Summon Lightning Spi  Summ/Air       46%        N/A       3%          4

Your spell library contained the following spells:

 Spells                   Type           Power      Damage    Failure   Level
 Conjure Flame            Conj/Fire      52%        6-21      1%          3
 Dazzling Flash           Conj/Hex       86%        N/A       1%          3
 Flame Wave               Conj/Fire      52%        2d13      1%          4
 Confusing Touch          Hex            32%        N/A       4%          3
 Airstrike                Air            20%        2d(3-19)  6%          4
 Lightning Bolt           Conj/Air       23%        1d39      9%          5
 Hailstorm                Conj/Ice       32%        3d8       14%         4
 Iskenderun's Mystic Bla  Conj/Tloc      32%        2d8       14%         4
 Starburst                Conj/Fire      26%        6d8       30%         6
 Leda's Liquefaction      Hex/Erth       10%        N/A       36%         4
 Ice Form                 Ice/Tmut       10%        N/A       71%         4
 Yara's Violent Unravell  Hex/Tmut       10%        3d6       71%         5
 Simulacrum               Ice/Necr       5%         N/A       100%        6
 Enfeeble                 Hex            16%        N/A       100%        7
 Fire Storm               Conj/Fire      26%        8d7       100%        9


Dungeon Overview and Level Annotations

Branches:
Dungeon (14/15)            Temple (1/1) D:6            Lair (5/5) D:10
  Swamp (0/4) Lair:3        Snake (1/4) Lair:2        Slime (5/5) Lair:5
    Orc (2/2) D:9             Elf (0/3) Orc:2         Sewer (visited)
Ossuary (visited)           IceCv (1/1)
 Vaults: D:13-14

Altars:
Ashenzari
Cheibriados
Dithmenos
Fedhas
Gozag
Hepliaklqana
Kikubaaqudgha
Makhleb
Nemelex Xobeh
Okawaru
Qazlal
Ru
Sif Muna
Trog
Uskayaw
Vehumet
Wu Jian
Xom
Yredelemnul
Jiyva
Lugonu

Shops:
D:1 *   D:6 !:(   Orc:2 :[*(

Portals:
Abyss: Slime:2

Annotations:
Slime:5 Royal Jelly IceCv exclusion: orange crystal statue


Innate Abilities, Weirdness & Mutations

You are mostly covered in molten scales. (AC +3)
A meltable icy envelope protects you from harm. (AC +8)
You are partially covered in sharp spines.
A meltable shield of frost defends you. (SH +4)
Your touch may inflict irresistible damage on your foes.
You have a beak for a mouth.
You have a pair of horns on your head.
Your flesh is heat resistant. (rF+)
You are strong-willed. (Will+)
You are somewhat resistant to both further mutation and mutation removal.
Your system is resistant to poisons. (rPois)
Your muscles are very strong. (Str +8, Int/Dex -2)
Armour fits poorly on your pseudopods.
You are covered in slimy tendrils that may disarm your opponents.
You have a small jelly attached to you that senses nearby items.
You expend magic power (3 MP) to strengthen your wands.


Message History

Something tries to feed on your intellect!
The ice dragon is engulfed in blazing flames.
The ironbound frostheart is engulfed in blazing flames.
Unknown command.
The rime drake is engulfed in blazing flames.
The ironbound frostheart calls freezing cold from the walls.
The frost grips you!!
You are encased in ice.
You hear a distant slurping noise.
You hear a distant slurping noise.
The ice encasing you melts away. The rime drake closely misses you.
You hear a distant slurping noise.
The ironbound frostheart attacks as you move away!
The ironbound frostheart is struck by your spines.
The ironbound frostheart touches you! The ironbound frostheart freezes you!!
The rime drake breathes ice at you. The flash freeze hits you.
You are encased in ice.
The ice dragon roars deafeningly!
You sock the ironbound frostheart!
Your headbutt misses the ironbound frostheart.
Your touch misses the ironbound frostheart.
You bludgeon the ironbound frostheart.
The ironbound frostheart is heavily wounded.
You hear a distant slurping noise.
The ironbound frostheart is struck by your spines.
The ironbound frostheart touches you! The ironbound frostheart freezes you!!
* * * LOW HITPOINT WARNING * * *
You shudder from the blow and a jelly pops out!
You block the rime drake's attack.
The ironbound frostheart attacks as you move away!
The ironbound frostheart is struck by your spines.
The ironbound frostheart touches you!
* * * LOW HITPOINT WARNING * * *
The ironbound frostheart freezes you!
* * * LOW HITPOINT WARNING * * *
The ironbound frostheart calls freezing cold from the walls.
The frost grips you!!
You die...

#### ##..## #....## ##.....##
#.......## ##........# ####
#......D.## ######..##
#.....#p..### ##..##....##
#..☼.Dp##.k.@..###..........#
##.○.h.##.h.J...#...÷÷..÷.∩.#
##...###....##....##[......#
#8.###....####..#####....##
##.# #..... #### ##..## ###
#....## #### #...## #...##
#..#


You could see an ice dragon (summoned), an ironbound frostheart (summoned, ally
target), a polar bear (summoned), a rime drake (summoned) and a friendly
quicksilver ooze (summoned).

Vanquished Creatures
  Gastronok (D:9)
  Snorg (D:11)
  A fire dragon (Lair:5)
  Josephine (D:10)
  An ice dragon (IceCv)
  11 hydras
  Harold (D:9)
  3 boulder beetles (D:13)
  An anaconda (Snake:1)
  2 catoblepae
  A centaur warrior (D:13)
  3 two-headed ogres
  8 death yaks
  2 orc high priests (Orc:1)
  Urug (D:11)
  A shock serpent (Snake:1)
  Amaemon (Lair:1)
  A swamp dragon (Lair:5)
  A deep elf pyromancer (D:13)
  3 orc knights (Orc:2)
  2 orc sorcerers
  A mana viper (Snake:1)
  An ugly thing (D:11)
  5 cyclopes
  3 manticores
  Maurice (D:8)
  8 black mambas
  10 elephants
  A guardian serpent (Lair:2)
  A naga mage (Snake:1)
  An orange demon (Lair:1)
  An ice statue (Snake:1)
  11 cane toads
  2 unseen horrors
  2 tengu conjurers (D:13)
  4 rime drakes
  7 komodo dragons
  5 trolls
  3 hornets
  A tyrant leech (Lair:3)
  14 blink frogs
  14 polar bears
  Grinder (D:5)
  2 raiju (Lair:5)
  A vampire (D:5)
  A shadow (D:13)
  40 yaks
  A spriggan (Lair:4)
  6 wraiths
  4 wyverns
  4 basilisks
  A steam dragon (Lair:5)
  2 nagas (Snake:1)
  6 wargs
  A swamp worm (Lair:3)
  2 acid dragons
  15 hell hounds (Lair:5)
  11 water moccasins
  3 swamp drakes (Lair:5)
  14 black bears
  27 orc warriors
  2 ice beasts
  7 ogres
  12 wolves (Lair:5)
  5 centaurs
  4 kobold brigands
  9 bullfrogs
  A necrophage (D:6)
  Blork the orc (D:5)
  A scorpion (D:4)
  2 water moccasin zombies (Ossuary)
  17 killer bees
  3 howler monkeys (D:9)
  A vampire bat (D:5)
  19 orc priests
  5 hounds
  2 gnoll boudas
  12 iguanas
  25 orc wizards
  7 hell rats
  2 mummies (Ossuary)
  13 gnolls
  14 adders
  4 river rats
  2 shadow imps
  2 ufetubi
  5 adder zombies (Ossuary)
  4 worms
  3 dart slugs
  3 fire bats (D:5)
  47 orcs
  2 spectral bats (D:5)
  3 bat skeletons (D:5)
  A bat zombie (D:5)
  6 endoplasms
  3 giant cockroaches
  3 gnoll zombies (Ossuary)
  5 goblins
  10 hobgoblins
  A quokka (D:3)
  14 ball pythons
  11 bats
  A bat simulacrum (D:5)
  6 frilled lizards
  4 hobgoblin zombies (Ossuary)
  16 kobolds
  3 kobold zombies (Ossuary)
  4 orc zombies (Ossuary)
  33 rats
  6 foxfires
651 creatures vanquished.

Vanquished Creatures (collateral kills)
  An orc warlord (Orc:2)
  A boulder beetle (D:13)
  2 centaur warriors (D:13)
  2 ironbound frosthearts (IceCv)
  An anaconda (Snake:1)
  A mana viper (Snake:1)
  2 orc knights (Orc:2)
  2 ugly things (IceCv)
  A naga mage (Snake:1)
  2 rime drakes (IceCv)
  Prince Ribbit (D:8)
  2 wargs (Orc:2)
  4 orc warriors (Orc:2)
  A centaur (D:6)
  2 orc wizards (Orc:2)
  3 orcs
  19 foxfires
47 creatures vanquished.

Vanquished Creatures (others)
  3 centaur warriors (D:13)
  An ugly thing (IceCv)
  A manticore (D:12)
  2 black mambas (Snake:1)
  A yaktaur (D:13)
  An unseen horror (D:11)
  A slime creature (D:13)
  A rime drake (IceCv)
  A polar bear (IceCv)
  A troll (Orc:2)
  A yak (Lair:2)
  A warg (Orc:2)
  2 water moccasins
  3 orc warriors (Orc:2)
  An ogre (Orc:2)
  A wolf (Lair:5)
  3 bullfrogs
  A scorpion (D:7)
  A howler monkey (D:7)
  3 orc priests
  A gnoll bouda (D:8)
  68 jellies
  An iguana (Lair:5)
  7 orc wizards
  4 gnolls
  21 orcs
  A gnoll zombie (Ossuary)
  A kobold (D:8)
  1094 foxfires
  74 fungi
  A lurking horror (Slime:2)
  155 plants
1458 creatures vanquished.

Grand Total: 2156 creatures vanquished

Notes
Turn   | Place    | Note
-------+----------+-------------------------------------------
     0 | D:1      | croobank the Demonspawn Fire Elementalist began the quest
                  | for the Orb.
     0 | D:1      | Reached XP level 1. HP: 13/13 MP: 3/3
   517 | D:1      | Gained mutation: You are partially covered in molten
                  | scales. (AC +2) [demonic ancestry]
   517 | D:1      | Reached XP level 2. HP: 19/19 MP: 1/5
   520 | D:1      | Learned a level 2 spell: Scorch
   834 | D:1      | Found Hysm's Assorted Antiques.
  1365 | D:2      | Reached XP level 3. HP: 25/25 MP: 6/6
  1663 | D:2      | Reached skill level 1 in Fighting
  1784 | D:2      | Found a faded altar of an unknown god.
  2246 | D:3      | Gained mutation: Your touch may inflict minor irresistible
                  | damage on your foes. [demonic ancestry]
  2246 | D:3      | Reached XP level 4. HP: 32/32 MP: 4/7
  2531 | D:3      | Found a sparkling altar of Nemelex Xobeh.
  2918 | D:3      | Reached XP level 5. HP: 37/37 MP: 1/9
  3147 | D:3      | Found a shadowy altar of Dithmenos.
  3155 | D:3      | Found a stormy altar of Qazlal.
  3508 | D:4      | Noticed an ice beast
  3531 | D:3      | Killed an ice beast
  3532 | D:3      | Gained mutation: A meltable shield of frost defends you.
                  | (SH +4) [demonic ancestry]
  3532 | D:3      | Reached XP level 6. HP: 22/44 MP: 1/10
  3718 | D:4      | Found a glowing drain.
  3733 | Sewer    | Entered a sewer
  3738 | Sewer    | Learned a level 3 spell: Inner Flame
  4511 | Sewer    | Identified a scroll of acquirement
  4511 | Sewer    | Acquired a +2 helmet of intelligence
  4543 | Sewer    | Reached XP level 7. HP: 51/51 MP: 3/12
  4997 | D:3      | Found a broken altar of Ashenzari.
  5523 | D:5      | Entered Level 5 of the Dungeon
  5528 | D:5      | Reached skill level 1 in Hexes
  5532 | D:5      | Noticed Blork the orc
  5599 | D:5      | Killed Blork the orc
  5921 | D:5      | Found a hide-covered altar of Uskayaw.
  5937 | D:5      | Reached XP level 8. HP: 58/58 MP: 6/13
  6106 | D:5      | Noticed Grinder
  6219 | D:5      | Killed Grinder
  6220 | D:5      | Reached skill level 1 in Summonings
  7131 | D:5      | Learned a level 1 spell: Summon Small Mammal
  7135 | D:5      | Learned a level 3 spell: Call Canine Familiar
  7139 | D:5      | Learned a level 3 spell: Summon Guardian Golem
  7181 | D:6      | Found an iron altar of Okawaru.
  7240 | D:6      | Identified the +8 flail of the Pure Beds {drain, Will+
                  | rCorr Int-4 Dex+2}
  7363 | D:6      | Found a staircase to the Ecumenical Temple.
  7390 | D:6      | Reached XP level 9. HP: 65/65 MP: 2/15
  7502 | Temple   | Entered the Ecumenical Temple
  7545 | Temple   | Became a worshipper of Jiyva Jeogyiro the Shapeless
  7758 | D:6      | Found Waeqogix's Distillery.
  7766 | D:6      | Bought a potion of curing for 39 gold pieces
  7766 | D:6      | Bought a potion of haste for 130 gold pieces
  7766 | D:6      | Bought a potion of heal wounds for 65 gold pieces
  7844 | D:6      | Found Webathuink's Book Emporium.
  8037 | D:6      | Found Teholos's Antique Weapon Boutique.
  8069 | D:6      | Found a shimmering altar of Xom.
  8087 | D:6      | Reached skill level 5 in Fire Magic
  8202 | D:6      | Reached * piety under Jiyva
  8584 | D:6      | Found a bloodstained altar of Trog.
  9029 | D:7      | Found a sand-covered staircase.
  9034 | Ossuary  | Entered an ossuary
  9111 | Ossuary  | Reached skill level 1 in Air Magic
  9307 | D:7      | Reached ** piety under Jiyva
  9485 | D:7      | Found a blossoming altar of Fedhas.
  9761 | D:7      | Reached *** piety under Jiyva
 10001 | D:8      | Reached skill level 5 in Stealth
 10069 | D:8      | Noticed Maurice
 10081 | D:8      | Killed Maurice
 10202 | D:8      | Gained mutation: Your rubbery body absorbs attacks. (AC +1,
                  | EV +1) [Jiyva's grace]
 10202 | D:8      | Gained mutation: Your pliable body absorbs attacks. (AC +2,
                  | EV +2) [Jiyva's grace]
 10202 | D:8      | Gained mutation: Your gelatinous body deflects attacks. (AC
                  | +3, EV +3) [Jiyva's grace]
 10202 | D:8      | Gained mutation: You are agile. (Dex +4, Str/Int -1)
                  | [Jiyva's grace]
 10341 | D:8      | Reached skill level 5 in Conjurations
 10343 | D:8      | Reached skill level 1 in Armour
 10343 | D:8      | Reached skill level 5 in Spellcasting
 10363 | D:8      | Noticed Prince Ribbit
 10368 | D:8      | Killed Prince Ribbit
 10369 | D:8      | Reached skill level 5 in Dodging
 10411 | D:8      | Gained mutation: A meltable icy envelope protects you from
                  | harm. (AC +8) [demonic ancestry]
 10411 | D:8      | Reached XP level 10. HP: 73/73 MP: 10/17
 10537 | D:8      | Reached **** piety under Jiyva
 10729 | D:8      | Noticed a two-headed ogre
 10736 | D:8      | Killed a two-headed ogre
 10737 | D:8      | Reached skill level 5 in Fighting
 11086 | D:9      | Noticed a two-headed ogre
 11102 | D:9      | Killed a two-headed ogre
 11350 | D:9      | Learned a level 4 spell: Summon Lightning Spire
 11381 | D:9      | Noticed Harold
 11397 | D:9      | Killed Harold
 11398 | D:9      | Gained mutation: Your touch may inflict irresistible damage
                  | on your foes. [demonic ancestry]
 11398 | D:9      | Reached XP level 11. HP: 80/80 MP: 11/19
 11458 | D:9      | Found a staircase to the Orcish Mines.
 11576 | D:9      | Noticed Gastronok
 11592 | D:9      | Killed Gastronok
 11593 | D:9      | Reached skill level 5 in Hexes
 11679 | D:10     | Entered Level 10 of the Dungeon
 11680 | D:10     | Noticed a death yak
 11681 | D:10     | Found a staircase to the Lair.
 11682 | D:10     | Noticed Josephine
 11682 | D:10     | Noticed a death yak
 11688 | D:10     | Noticed a death yak
 11693 | D:10     | Killed a death yak
 11694 | D:10     | Reached skill level 5 in Air Magic
 11694 | D:10     | Killed Josephine
 11694 | D:10     | Killed a death yak
 11695 | D:10     | Reached skill level 5 in Summonings
 11697 | D:10     | Killed a death yak
 11731 | D:10     | Reached skill level 5 in Armour
 11859 | D:10     | Paralysed by a hornet for 3 turns
 12397 | D:11     | Noticed a green ugly thing
 12419 | D:11     | Killed a green ugly thing
 12420 | D:11     | Reached XP level 12. HP: 16/89 MP: 14/21
 12611 | D:11     | Lost mutation: Your gelatinous body deflects attacks. (AC
                  | +3, EV +3) [Jiyva's grace]
 12611 | D:11     | Gained mutation: You have a small jelly attached to you
                  | that may absorb projectiles. [Jiyva's grace]
 12611 | D:11     | Gained mutation: You have hidden genetic potential.
                  | [Jiyva's grace]
 12611 | D:11     | Gained mutation: You have great hidden genetic potential.
                  | [Jiyva's grace]
 12611 | D:11     | Gained mutation: You have a pair of small horns on your
                  | head. [Jiyva's grace]
 12701 | D:11     | Noticed Urug
 12720 | D:11     | Killed Urug
 12773 | D:11     | Noticed Snorg
 12785 | D:11     | Killed Snorg
 13213 | D:12     | Noticed a two-headed ogre
 13223 | D:12     | Killed a two-headed ogre
 13535 | D:12     | Reached ***** piety under Jiyva
 13662 | D:12     | Found a shimmering blue altar of Sif Muna.
 14092 | D:13     | Noticed a centaur warrior
 14094 | D:13     | Noticed a centaur warrior
 14097 | D:13     | Noticed a centaur warrior
 14099 | D:13     | Noticed a boulder beetle
 14101 | D:13     | Killed a centaur warrior
 14102 | D:13     | Noticed a centaur warrior
 14102 | D:13     | Killed a centaur warrior
 14113 | D:13     | Noticed a centaur warrior
 14114 | D:13     | Noticed a centaur warrior
 14115 | D:13     | Killed a centaur warrior
 14118 | D:13     | Killed a centaur warrior
 14121 | D:13     | Killed a centaur warrior
 14124 | D:13     | HP: 4/89 [centaur warrior/arrow (9)]
 14218 | D:13     | Noticed a boulder beetle
 14244 | D:13     | Killed a centaur warrior
 14399 | D:13     | Noticed a boulder beetle
 14414 | D:13     | Killed a boulder beetle
 14877 | D:13     | Killed a boulder beetle
 14927 | D:13     | Killed a boulder beetle
 14948 | D:13     | Gained mutation: You are partially covered in sharp spines.
                  | [demonic ancestry]
 14948 | D:13     | Reached XP level 13. HP: 96/96 MP: 20/23
 15080 | D:13     | Gained mutation: You are resistant to electric shocks.
                  | (rElec) [hidden potential]
 15136 | D:13     | Noticed Jorgrun
 15143 | D:13     | Slimified Jorgrun
 15143 | D:13     | Noticed Jorgrun
 15143 | D:13     | Jorgrun changed into Jorgrun the slime creature
 15245 | D:13     | Noticed Frances
 15247 | D:13     | Noticed Rupert
 15248 | D:13     | Slimified Frances
 15248 | D:13     | Noticed Frances
 15248 | D:13     | Frances changed into Frances the slime creature
 15252 | D:13     | Slimified Rupert
 15252 | D:13     | Noticed Rupert
 15252 | D:13     | Rupert changed into Rupert the azure jelly
 15281 | D:13     | Lost mutation: You are resistant to electric shocks.
                  | (rElec) [Jiyva's grace]
 15281 | D:13     | Lost mutation: Your pliable body absorbs attacks. (AC +2,
                  | EV +2) [Jiyva's grace]
 15281 | D:13     | Lost mutation: You have a small jelly attached to you that
                  | may absorb projectiles. [Jiyva's grace]
 15281 | D:13     | Gained mutation: You expend magic power (3 MP) to
                  | strengthen your wands. [Jiyva's grace]
 15281 | D:13     | Gained mutation: You have a beak for a mouth. [Jiyva's
                  | grace]
 15281 | D:13     | Gained mutation: You are very agile. (Dex +8, Str/Int -2)
                  | [Jiyva's grace]
 15281 | D:13     | Gained mutation: Your flesh is heat resistant. (rF+)
                  | [Jiyva's grace]
 15563 | Lair:1   | Entered Level 1 of the Lair of Beasts
 15651 | Lair:1   | Noticed Amaemon
 15667 | Lair:1   | Killed Amaemon
 16497 | Lair:2   | Found a staircase to the Snake Pit.
 16540 | Lair:2   | Lost mutation: You are very agile. (Dex +8, Str/Int -2)
                  | [Jiyva's grace]
 16540 | Lair:2   | Lost mutation: You are agile. (Dex +4, Str/Int -1) [Jiyva's
                  | grace]
 16540 | Lair:2   | Lost mutation: You have great hidden genetic potential.
                  | [Jiyva's grace]
 16540 | Lair:2   | Gained mutation: You are strong-willed. (Will+) [Jiyva's
                  | grace]
 16540 | Lair:2   | Gained mutation: You are highly strong-willed. (Will++)
                  | [Jiyva's grace]
 16540 | Lair:2   | Gained mutation: You are extremely strong-willed. (Will+++)
                  | [Jiyva's grace]
 16540 | Lair:2   | Gained mutation: You have a somewhat thin skeletal
                  | structure. (Dex +2, Stealth+) [Jiyva's grace]
 17745 | Lair:3   | Reached ****** piety under Jiyva
 17792 | Lair:3   | Lost mutation: You have a somewhat thin skeletal structure.
                  | (Dex +2, Stealth+) [Jiyva's grace]
 17792 | Lair:3   | Lost mutation: You are extremely strong-willed. (Will+++)
                  | [Jiyva's grace]
 17792 | Lair:3   | Gained mutation: Armour fits poorly on your pseudopods.
                  | [Jiyva's grace]
 17792 | Lair:3   | Gained mutation: Armour fits poorly on your large
                  | pseudopods. [Jiyva's grace]
 17792 | Lair:3   | Gained mutation: Armour fits poorly on your massive
                  | pseudopods. [Jiyva's grace]
 17792 | Lair:3   | Gained mutation: You have a pair of horns on your head.
                  | [Jiyva's grace]
 18032 | Lair:3   | Found a staircase to the Swamp.
 18402 | Lair:4   | Gained mutation: A meltable icy envelope protects you from
                  | harm. (AC +8) [demonic ancestry]
 18402 | Lair:4   | Reached XP level 14. HP: 106/106 MP: 26/26
 18501 | Lair:4   | Gained mutation: You have sharp toenails. [hidden
                  | potential]
 18501 | Lair:4   | Lost mutation: You have hidden genetic potential. [hidden
                  | potential expressed]
 18675 | Lair:4   | Found a snail-covered altar of Cheibriados.
 18928 | Lair:5   | Entered Level 5 of the Lair of Beasts
 18928 | Lair:5   | Lost mutation: You have sharp toenails. [Jiyva's grace]
 18928 | Lair:5   | Lost mutation: You are highly strong-willed. (Will++)
                  | [Jiyva's grace]
 18928 | Lair:5   | Lost mutation: Your rubbery body absorbs attacks. (AC +1,
                  | EV +1) [Jiyva's grace]
 18928 | Lair:5   | Gained mutation: You passively dampen the noise of your
                  | surroundings. [Jiyva's grace]
 18928 | Lair:5   | Gained mutation: Your system is resistant to poisons.
                  | (rPois) [Jiyva's grace]
 18928 | Lair:5   | Gained mutation: You are covered in slimy tendrils that may
                  | disarm your opponents. [Jiyva's grace]
 18928 | Lair:5   | Gained mutation: You have a small jelly attached to you
                  | that senses nearby items. [Jiyva's grace]
 19156 | Lair:5   | Identified the ring of Oseopp {rF+ Will- AC+4 Dex+7}
 19406 | Lair:5   | Found a staircase to the Slime Pits.
 19407 | Lair:5   | Found a viscous altar of Jiyva.
 19421 | Slime:1  | Entered Level 1 of the Pits of Slime
 19426 | Slime:2  | Noticed an azure jelly
 19431 | Slime:2  | Noticed an azure jelly
 19432 | Slime:2  | Noticed a rockslime
 19433 | Slime:3  | Noticed an azure jelly
 19433 | Slime:3  | Noticed a quicksilver ooze
 19435 | Slime:3  | Noticed a quicksilver ooze
 19464 | Slime:5  | Entered Level 5 of the Pits of Slime
 19482 | Slime:5  | Noticed the Royal Jelly
 19483 | Slime:5  | Found a viscous altar of Jiyva.
 19483 | Slime:5  | Noticed an acid blob
 19483 | Slime:5  | Noticed a rockslime
 19484 | Slime:5  | Noticed an acid blob
 19485 | Slime:5  | Noticed an acid blob
 19485 | Slime:5  | Noticed an acid blob
 19486 | Slime:5  | Noticed an acid blob
 19486 | Slime:5  | Noticed an azure jelly
 19488 | Slime:5  | Identified the +3 halberd "Baomaw" {protect, rF+ rCorr
                  | Int+2}
 19497 | Slime:5  | Identified the +0 battleaxe of Royalism {antimagic, Int+3}
 19512 | Slime:5  | Got Sif Muna's Essays on Arenous Flames
 19517 | Slime:5  | Identified the +10 shortbow "Buelar" {freeze, Contam rCorr
                  | Stlth+}
 19522 | Slime:5  | Noticed an acid blob
 19531 | Slime:5  | Identified the ring of Ogebb {EV+4 Int+4 Dex+2}
 19538 | Slime:5  | Identified the +11 great sword "Opuuzeont" {vorpal, rElec
                  | rN+ Dex-5}
 19541 | Slime:5  | Got a slimy rune of Zot
 19564 | Slime:5  | Identified the +1 troll leather armour of the Cobbler
                  | {rElec Will- Regen+ rCorr}
 19693 | Slime:5  | Noticed an azure jelly
 19710 | Slime:5  | Noticed an azure jelly
 19744 | Slime:5  | Noticed a rockslime
 19836 | Slime:4  | Noticed an azure jelly
 19836 | Slime:4  | Noticed a rockslime
 19836 | Slime:4  | Noticed an acid blob
 19840 | Slime:4  | Noticed an azure jelly
 19840 | Slime:4  | Noticed an acid blob
 20014 | Slime:4  | Noticed a rockslime
 20199 | Slime:3  | Noticed an azure jelly
 20284 | Slime:2  | Noticed a rockslime
 20289 | Slime:2  | Noticed an acid blob
 20335 | Slime:3  | Noticed an acid blob
 20338 | Slime:3  | Noticed an acid blob
 20357 | Slime:3  | Noticed an acid blob
 20360 | Slime:3  | Noticed an acid blob
 20561 | Slime:2  | Found a corrupted altar of Lugonu.
 20565 | Slime:2  | Found a one-way gate to the infinite horrors of the Abyss.
 20975 | Slime:1  | Noticed an acid blob
 20975 | Slime:1  | Noticed an acid blob
 22064 | Orc:1    | Entered Level 1 of the Orcish Mines
 22480 | Orc:2    | Entered Level 2 of the Orcish Mines
 22480 | Orc:2    | Found Yphanol's Antique Armour Shop.
 22548 | Orc:2    | Gained mutation: You are mostly covered in molten scales.
                  | (AC +3) [demonic ancestry]
 22548 | Orc:2    | Reached XP level 15. HP: 114/114 MP: 28/28
 22554 | Orc:2    | Lost mutation: Armour fits poorly on your massive
                  | pseudopods. [Jiyva's grace]
 22554 | Orc:2    | Lost mutation: Armour fits poorly on your large pseudopods.
                  | [Jiyva's grace]
 22554 | Orc:2    | Lost mutation: You passively dampen the noise of your
                  | surroundings. [Jiyva's grace]
 22554 | Orc:2    | Gained mutation: Your muscles are strong. (Str +4, Int/Dex
                  | -1) [Jiyva's grace]
 22554 | Orc:2    | Gained mutation: Your muscles are very strong. (Str +8,
                  | Int/Dex -2) [Jiyva's grace]
 22554 | Orc:2    | Gained mutation: You are somewhat resistant to further
                  | mutation. [Jiyva's grace]
 22554 | Orc:2    | Gained mutation: You are somewhat resistant to both further
                  | mutation and mutation removal. [Jiyva's grace]
 22558 | Orc:2    | Found a flickering gateway to a bazaar.
 22568 | Orc:2    | Found a staircase to the Elven Halls.
 22646 | Bazaar   | Entered a bazaar
 22681 | Bazaar   | Found Ilargh's Jewellery Emporium.
 22695 | Bazaar   | Found Doofyrgho's Antique Armour Emporium.
 22713 | Bazaar   | Found Farueh's Antique Armour Emporium.
 22713 | Bazaar   | Found Jaqix's Antique Armour Shoppe.
 22734 | Bazaar   | Found Reciweo's Antique Weapon Emporium.
 23381 | Bazaar   | Bought a ring of magical power for 140 gold pieces
 23381 | Bazaar   | Bought the ring of Shadows {Umbra +Inv Stlth+} for 280 gold
                  | pieces
 23381 | Bazaar   | Found the ring of Shadows {Umbra +Inv Stlth+}
 23395 | Bazaar   | Bought an opal-encrusted leather armour for 245 gold pieces
 23395 | Bazaar   | Identified the +3 leather armour of Hamuaq {rPois} (You
                  | bought it in a shop in a bazaar)
 23411 | Bazaar   | Bought an embroidered robe for 99 gold pieces
 23501 | Orc:2    | Found Rootot's Book Emporium.
 23769 | Orc:2    | Found Qofoing's General Store.
 23810 | Orc:2    | Found Quer's Antique Weapon Shop.
 23840 | Orc:2    | Noticed an orc warlord
 23867 | Orc:2    | Killed an orc warlord
 24285 | Snake:1  | Entered Level 1 of the Snake Pit
 24589 | Snake:1  | Reached skill level 10 in Stealth
 24621 | Snake:1  | Found a frozen archway.
 24642 | IceCv    | Entered an ice cave
 24754 | IceCv    | Reached skill level 10 in Conjurations
 25083 | IceCv    | Killed from afar by an ironbound frostheart

Illustrated notes

Levels and vault maps discovered:
D:1:      wander_arrival_estate, layout_basic, serial_shops, shop_fountains
D:2:      layout_rooms, ebering_ecumenical_altar_webs
D:3:      layout_basic, mainiacjoe_overflow_alcove_1,
          mainiacjoe_overflow_tiny_flanked, mainiacjoe_overflow_big_doors,
          kennysheep_generic_room_2
D:4:      minmay_angry_zag, layout_cave_pools, portal_sewer_entry_d
D:5:      layout_rooms, mainiacjoe_overflow_surrounded_room, serial_bayou,
          serial_bayou_shore_b, serial_bayou_pond_e, serial_bayou_pond_e,
          serial_bayou_shore_b, goddamned_bats, uniq_blork_the_orc, uniq_grinder
D:6:      layout_gridville, kennysheep_okawaru_gauntlet,
          lemuel_coloured_pillars_altar, xom_teletrap_fun,
          minmay_temple_entry_mini_moons, serial_shops, shop,
          nicolae_inconvenience_store, nicolae_lakefront_shop, kennysheep_nub
D:7:      layout_loops_corners, fedhas_altar_3, elyvilon_altar_5,
          enter_ossuary_2, minmay_fractal_squares_5
D:8:      kennysheep_blocky_hall, layout_basic, uniq_prince_ribbit1,
          uniq_maurice
D:9:      layout_roguey, minmay_orc_entry_temple_small, uniq_gastronok,
          uniq_harold
D:10:     layout_loops_ring, mainiacjoe_overflow_alcove_4, dpeg_lair_monsters,
          uniq_josephine
D:11:     layout_loops_ring, chequers_serial_rivers_micro_b, uniq_urug,
          uniq_snorg
D:12:     layout_basic, nicolae_sif_muna_little_library
D:13:     layout_stronghold, minmay_the_grid_square_5x5_3x3_mashed
          [minmay_the_grid_square_5x5_z, minmay_the_grid_square_5x5_c,
          minmay_the_grid_square_5x5_forky, minmay_the_grid_square_5x5_comb,
          minmay_the_grid_square_5x5_megaprize_crossed,
          minmay_the_grid_square_5x5_meh,
          minmay_the_grid_square_5x5_spiral_small,
          minmay_the_grid_square_5x5_two_small,
          minmay_the_grid_square_5x5_fat_x], uniq_frances, uniq_jorgrun,
          uniq_rupert
D:14:     layout_loops_ring, erik_vaults_1, nicolae_ashenzari_panopticon,
          serial_shops, shop, serial_co_window_serial,
          co_window_of_opportunity_a, co_window_corner_a, co_window_paths_a,
          co_window_of_opportunity_a, co_window_paths_a, co_window_broadway_b,
          co_window_2corner, co_window_broadway_b, co_window_2corner,
          co_window_of_opportunity_b, co_window_cross_2, co_window_4corner_b,
          co_window_paths_e, glass_columns_a, glass_columns_a, glass_columns_a,
          glass_columns_b
Temple:   pf_slime_end_temple
Lair:1:   layout_regular_city, grunt_megastairs_1, uniq_amaemon
Lair:2:   layout_loops_ring, minmay_snake_entry_spellcaster, serial_forest,
          infiniplex_forest_lined_2, infiniplex_forest_clump_double,
          infiniplex_forest_clump_large, infiniplex_forest_lined_1,
          infiniplex_forest_lined_corner, infiniplex_forest_end_2,
          infiniplex_forest_3_way, fungi_pond_lemuel
Lair:3:   layout_hall_layers, palyth_hydra_swamp_entry, lemuel_fruit_tree
Lair:4:   layout_regular_city, basic_altar, grunt_forest_large_clearing_hut
Lair:5:   hangedman_lair_caniforms_friends, layout_cave_shapes,
          guppyfry_lair_end_dragon, slime_entry_1
Snake:1:  layout_honeycomb, portal_ice_cave_entry_ice_statue_one
Slime:1:  layout_caves
Slime:2:  layout_caves, amcnicky_altar_lugonu_corruption
Slime:3:  layout_caves
Slime:4:  layout_caves, nicolae_slime_welcoming_committee
Slime:5
Orc:1:    layout_caves
Orc:2:    grunt_orc_gardens, layout_caves, grunt_orc_garden, grunt_orc_garden,
          grunt_orc_garden, grunt_orc_garden, serial_shops, freezing_bzr
IceCv:    ice_cave_small_giant

Skill      XL: |  1  2  3  4  5  6  7  8  9 10 11 12 13 14 15 |
---------------+----------------------------------------------+-----
Stealth        | 2 3 4 5 6 7 8 9 10 | 10.1
Dodging        | 2 3 4 5 6 7 8 9 |  9.3
Fire Magic     | 3 4 5 6 7 8 9 |  9.5
Fighting       | 1 2 3 4 5 6 7 8 9 |  9.9
Conjurations   | 2 3 4 5 6 7 8 9 10 | 10.0
Spellcasting   | 3 4 5 6 8 9 |  9.3
Hexes          | 1 3 4 5 |  5.0
Summonings     | 2 3 4 5 6 7 8 9 |  9.3
Air Magic      | 2 4 5 7 |  7.0
Armour         | 1 3 5 6 7 |  7.0

Action                   |  1- 3 |  4- 6 |  7- 9 | 10-12 | 13-15 || total
-------------------------+-------+-------+-------+-------+-------++-------
Melee: Short sword       |    20 |    31 |    50 |       |       ||   101
       Touch             |       |     2 |    29 |    60 |   137 ||   228
       Flail             |       |       |    98 |   224 |   640 ||   962
       Punch             |       |       |     1 |     1 |    14 ||    16
       Headbutt          |       |       |       |    13 |   180 ||   193
       Peck              |       |       |       |       |   174 ||   174
       Pseudopods        |       |       |       |       |    92 ||    92
       Great sword       |       |       |       |       |     4 ||     4
 Cast: Foxfire           |    37 |   104 |   126 |   109 |   265 ||   641
       Scorch            |    10 |    31 |    89 |   133 |   138 ||   401
       Call Canine Famil |       |       |     3 |     3 |     1 ||     7
       Summon Guardian G |       |       |     2 |     7 |    13 ||    22
       Summon Small Mamm |       |       |     2 |     1 |       ||     3
       Summon Lightning  |       |       |       |     2 |    34 ||    36
Invok: Oozemancy         |       |       |       |     4 |     5 ||     9
       Slimify           |       |       |       |       |     3 ||     3
  Use: Scroll            |     6 |     6 |     9 |     8 |     6 ||    35
       Potion            |       |     3 |     3 |     2 |     1 ||     9
 Stab: Sleeping          |     1 |       |     3 |     2 |    14 ||    20
       Distracted        |       |       |       |     1 |     4 ||     5
       Petrified         |       |       |       |       |     4 ||     4
Armor: Robe              |    10 |    28 |    98 |    32 |       ||   168
       Ring mail         |       |       |       |   144 |   716 ||   860
Dodge: Dodged            |     9 |    36 |   181 |   261 |   921 ||  1408
Block: Other             |       |     7 |    52 |    53 |   155 ||   267
